 Dungeon Crawl Stone Soup version 0.20.1-1-g8b1a95d (webtiles) character file.

3532 Monsterracer the Fighter (level 9, -1/82 HPs)
             Began as a White Draconian Summoner on Sept 2, 2017.
             Was a Priest of Okawaru.
             Slain by an orc warrior
             ... wielding a +0 glaive
              (27 damage)
             ... on level 9 of the Dungeon.
             The game lasted 00:28:11 (11607 turns).

Monsterracer the Fighter (DrSu)                    Turns: 11607, Time: 00:28:11

Health: -1/82      AC:  9    Str: 14    XL:     9   Next: 82%
Magic:  7/12       EV: 17    Int: 15    God:    Okawaru [***...]
Gold:   493        SH:  3    Dex: 12    Spells: 3/12 levels left

rFire    . . .     SeeInvis .   a - +0 trident
rCold    + . .     Gourm    .   (no shield)
rNeg     . . .     Faith    .   (armour unavailable)
rPois    .         Spirit   .   (helmet restricted)
rElec    .         Reflect  +   (no cloak)
rCorr    .         Harm     .   u - +0 pair of gloves
MR       .....                  (no boots)
Stlth    +++.......             k - +3 amulet of reflection
Regen    0.3/turn               e - +1 ring of protection
MPRegen  0.2/turn               y - ring of wizardry

@: heroism
A: breathe frost, unfitting armour, cold resistance 1, cold-blooded, AC +7
a: Breathe Frost, Heroism, Renounce Religion


You were on level 9 of the Dungeon.
You worshipped Okawaru.
Okawaru was most pleased with you.
You were very hungry.

You visited 2 branches of the dungeon, and saw 11 of its levels.
You also visited: Sewer.

You collected 493 gold pieces.

Inventory:

Hand Weapons
 a - a +0 trident (weapon)
Armour
 u - a +0 pair of gloves (worn)
Jewellery
 e - a +1 ring of protection (left hand)
 k - a +3 amulet of reflection (around neck)
 x - an uncursed ring of see invisible
 y - a ring of wizardry (right hand)
Wands
 s - a wand of lightning (0/15)
 w - a wand of flame (7/48)
Scrolls
 i - 3 scrolls of teleportation
 j - 5 scrolls of remove curse
 o - 3 scrolls of identify
 t - 2 scrolls of fear
Potions
 b - 4 potions of agility
 d - 4 potions of might
 h - 5 potions of curing
 m - 3 potions of flight
 p - 2 potions of brilliance
 q - 2 potions of haste
 r - a potion of heal wounds
 v - 3 potions of mutation
Books
 l - a book of Callings

   Spells                             Type                      Level
   a - Summon Small Mammal            Summoning                    1
   b - Call Imp                       Summoning                    2
   c - Call Canine Familiar           Summoning                    3
   d - Summon Guardian Golem          Hexes/Summoning              3
   e - Summon Lightning Spire         Summoning/Air                4
   f - Summon Ice Beast               Ice/Summoning                4
Comestibles
 c - 3 royal jellies
 f - 2 meat rations
 g - 8 fruits
 n - 9 bread rations


   Skills:
 * Level 8.8(13.8) Fighting
 * Level 8.4(13.4) Polearms
 + Level 5.0(10.0) Dodging
 - Level 1.7(6.7) Stealth
 - Level 2.0 Spellcasting
 - Level 4.0 Summonings
 + Level 4.8 Ice Magic
 + Level 4.2 Invocations


You had 3 spell levels left.
You knew the following spells:

 Your Spells              Type           Power        Failure   Level  Hunger
b - Call Imp              Summ           ##......     2%          2    ###....
c - Call Canine Familiar  Summ           ##......     5%          3    ###....
d - Summon Ice Beast      Ice/Summ       ##......     14%         4    #####..


Dungeon Overview and Level Annotations

Branches:
Dungeon (10/15)            Temple (1/1) D:5
   Lair: D:8-11         Orc: D:9-12

Altars:
Ashenzari
Cheibriados
Dithmenos
Elyvilon
Fedhas
Gozag
Hepliaklqana
Kikubaaqudgha
Makhleb
Nemelex Xobeh
Okawaru
Qazlal
Ru
Sif Muna
Trog
Uskayaw
Vehumet
Xom
Yredelemnul
Zin
The Shining One

Shops:
D:5 [


Innate Abilities, Weirdness & Mutations

You can breathe waves of freezing cold.
You can buffet flying creatures when you breathe cold.
Your icy white scales are hard. (AC +7)
You cannot fit into any form of body armour.
Your flesh is cold resistant. (rC+)
You are cold-blooded and may be slowed by cold attacks.


Message History

You reach to attack!
You closely miss the orc warrior.
The orc warrior is moderately wounded.
Casting: Call Canine Familiar
Confirm with . or Enter, or press ? or * to list all spells.
A chill wind blows around you.
You are feeling very hungry.
The orc warrior hits you from afar with a glaive!!
* * * LOW HITPOINT WARNING * * *
Huge Dmg: -21%(-17hp) hp: 32%(26hp) Attack whom?
Press: ? - help, Dir - move target cursor, f/p - orc warrior
Aim: an orc warrior, wielding a glaive and wearing a chain mail (moderately wounded)
You reach to attack!
You closely miss the orc warrior.
The orc warrior is moderately wounded.
Attack whom?
Press: ? - help, Dir - move target cursor, f/p - orc warrior
Aim: an orc warrior, wielding a glaive and wearing a chain mail (moderately wounded)
You could not reach far enough!
The orc warrior hits you from afar with a glaive!!
You die...

...# #.....).....
....#
#...........
o.o###...........
.oo.............
#....(o.......
###.)..#o######
#....<.#o#
###....#Y#
#....#@# #....#.#
#....#.# #....#.#
#....#.# #..>.#.#
##.#.#.# #. ....
#. .#.#


You could see an orc warrior, 2 orcs and a friendly ice beast.

Vanquished Creatures
  A two-headed ogre (D:8)
  A spriggan (D:7)
  A wyvern (D:8)
  A water moccasin (D:6)
  2 orc warriors
  A black bear (D:6)
  A phantom (D:8)
  2 ice beasts
  2 centaurs (D:8)
  A crocodile (D:8)
  A big kobold (D:4)
  4 bullfrogs
  A scorpion (D:5)
  A killer bee (D:8)
  3 electric eels (D:6)
  2 howler monkeys (D:8)
  A crimson imp (D:5)
  A jelly (D:7)
  A quasit (D:7)
  A bullfrog zombie (D:7)
  An orc priest (D:8)
  A centaur zombie (D:7)
  2 iguanas
  2 orc wizards (D:6)
  5 worker ants
  A hound skeleton (D:5)
  A worker ant zombie (D:7)
  3 gnolls (D:3)
  11 adders
  A howler monkey skeleton (D:7)
  5 oozes
  An adder skeleton (D:5)
  A dart slug (D:1)
  6 leopard geckos
  13 orcs
  7 ball pythons
  6 bats
  7 giant cockroaches
  16 goblins
  7 hobgoblins
  15 jackals
  5 quokkas
  13 frilled lizards
  A giant cockroach zombie (D:6)
  14 kobolds
  A quokka skeleton (D:5)
  15 rats
190 creatures vanquished.

Vanquished Creatures (collateral kills)
  Sigmund (D:3)
  A wyvern (D:8)
  Purgy (Sewer)
  An orc warrior (D:8)
  2 ogres
  A big kobold (D:7)
  2 killer bees (D:8)
  An iguana (D:6)
  A worker ant (D:3)
  2 adders
  A shadow imp (D:6)
  An ooze (D:1)
  5 orcs
  3 jackals (D:6)
  2 kobolds (D:7)
25 creatures vanquished.

Grand Total: 215 creatures vanquished

Notes
Turn   | Place    | Note
-------+----------+-------------------------------------------
     0 | D:1      | Monsterracer the Draconian Summoner began the quest for the Orb.
     0 | D:1      | Reached XP level 1. HP: 14/14 MP: 3/3
    64 | D:1      | Reached skill level 1 in Fighting
   414 | D:1      | Reached XP level 2. HP: 22/24 MP: 3/5
   520 | D:1      | HP: 10/24 [ooze (6)]
   526 | D:1      | HP: 5/24 [leopard gecko (2)]
   552 | D:1      | Reached skill level 1 in Polearms
  1130 | D:1      | Reached XP level 3. HP: 28/30 MP: 6/6
  1393 | D:2      | HP: 15/30 [poisoned by an adder]
  1400 | D:2      | HP: 12/30 [poisoned by an adder]
  1407 | D:2      | HP: 11/30 [poisoned by an adder]
  1415 | D:2      | HP: 10/30 [poisoned by an adder]
  1677 | D:1      | Learned a level 2 spell: Call Imp
  2118 | D:2      | Reached XP level 4. HP: 33/37 MP: 7/7
  2696 | D:3      | Learned a level 3 spell: Call Canine Familiar
  2731 | D:3      | Noticed Sigmund
  2992 | D:3      | Found a glowing golden altar of the Shining One.
  3149 | D:3      | HP: 18/38 [something (11)]
  3152 | D:3      | Killed Sigmund
  3152 | D:3      | Reached XP level 5. HP: 22/46 MP: 3/8
  3642 | D:3      | Reached XP level 6. HP: 35/52 MP: 4/9
  4634 | D:4      | Found a glowing drain.
  4675 | Sewer    | Entered a sewer
  4775 | Sewer    | Noticed Purgy
  4784 | Sewer    | Killed Purgy
  5438 | D:5      | Entered Level 5 of the Dungeon
  5681 | D:5      | Found Diatyr's Antique Armour Boutique.
  5692 | D:5      | Found an ancient bone altar of Kikubaaqudgha.
  5846 | D:5      | Reached skill level 5 in Fighting
  5852 | D:5      | HP: 20/56 [ogre/giant club (11)]
  5859 | D:5      | Reached skill level 5 in Polearms
  5859 | D:5      | Your scales start taking on an icy white colour.
  5859 | D:5      | Reached XP level 7. HP: 24/61 MP: 6/10
  5859 | D:5      | Gained mutation: Your flesh is cold resistant. (rC+) [White Draconian growth]
  5869 | D:5      | Learned a level 4 spell: Summon Ice Beast
  6138 | D:5      | HP: 28/61 [iguana (10)]
  6147 | D:5      | HP: 27/61 [iguana (3)]
  6401 | D:5      | Found a staircase to the Ecumenical Temple.
  6420 | Temple   | Entered the Ecumenical Temple
  6504 | Temple   | Became a worshipper of Warmaster Okawaru
  7000 | D:5      | Reached skill level 1 in Invocations
  7136 | D:6      | HP: 29/62 [bullfrog (3)]
  7175 | D:6      | Reached * piety under Okawaru
  7175 | D:6      | Reached skill level 1 in Ice Magic
  7175 | D:6      | Reached XP level 8. HP: 35/70 MP: 3/11
  7398 | D:6      | Found a transporter.
  7468 | D:6      | Found a snail-covered altar of Cheibriados.
  7484 | D:6      | Found a transporter.
  7493 | D:6      | HP: 33/70 [iguana (12)]
  7498 | D:6      | HP: 23/70 [orc wizard/magic dart (1)]
  7509 | D:6      | HP: 15/71 [iguana (11)]
  8277 | D:6      | HP: 29/71 [electric eel/bolt of electricity (8)]
  8767 | D:6      | Found a white marble altar of Elyvilon.
  9140 | D:7      | You fall through a shaft for 3 floors!
  9140 | D:10     | Entered Level 10 of the Dungeon
  9156 | D:10     | Reached ** piety under Okawaru
  9234 | D:8      | HP: 31/73 [orc warrior/short sword (10)]
  9242 | D:8      | HP: 18/73 [orc warrior/short sword (15)]
  9249 | D:8      | Found a bloodstained altar of Trog.
  9252 | D:8      | HP: 10/73 [bullfrog (1)]
  9384 | D:8      | HP: 28/73 [orc warrior/short sword (11)]
  9412 | D:8      | HP: 20/73 [orc warrior/short sword (14)]
  9424 | D:8      | HP: 21/73 [bullfrog (1)]
  9429 | D:8      | HP: 13/73 [bullfrog (5)]
  9437 | D:8      | HP: 22/73 [centaur/arrow (13)]
  9441 | D:8      | HP: 8/73 [wyvern (5)]
  9449 | D:8      | Reached XP level 9. HP: 11/79 MP: 4/12
  9491 | D:8      | HP: 17/79 [phantom (4)]
  9823 | D:8      | HP: 32/79 [orc warrior/mace (12)]
 10385 | D:7      | Reached *** piety under Okawaru
 10397 | D:7      | HP: 34/81 [big kobold/short sword (9)]
 11011 | D:8      | Noticed a two-headed ogre
 11039 | D:8      | Killed a two-headed ogre
 11039 | D:8      | Reached **** piety under Okawaru
 11237 | D:8      | Found a deep blue altar of Sif Muna.
 11568 | D:8      | Reached skill level 5 in Dodging
 11605 | D:9      | HP: 26/82 [orc warrior/glaive (18)]
 11607 | D:9      | Slain by an orc warrior

Skill      XL: |  1  2  3  4  5  6  7  8  9 |
---------------+----------------------------+-----
Fighting       | 1 2 3 4 5 6 7 8 |  8.8
Polearms       | 1 2 3 4 5 7 8 |  8.4
Dodging        | 2 3 4 5 |  5.0
Invocations    | 1 3 4 |  4.2
Ice Magic      | 1 3 4 |  4.8
Stealth        | |  1.7
Spellcasting   | |  2.0
Summonings     | |  4.0

Action                   |  1- 3 |  4- 6 |  7- 9 || total
-------------------------+-------+-------+-------++-------
Melee: Unarmed           |    42 |       |       ||    42
       Tailslap          |    17 |    27 |    62 ||   106
       Spear             |   144 |   335 |   263 ||   742
       Short sword       |       |    14 |       ||    14
       Trident           |       |       |   282 ||   282
       Punch             |       |       |     1 ||     1
 Cast: Summon Small Mamm |    21 |     2 |       ||    23
       Call Imp          |       |     9 |       ||     9
       Call Canine Famil |       |     8 |     9 ||    17
       Summon Ice Beast  |       |       |    13 ||    13
Invok: Heroism           |       |       |     5 ||     5
 Abil: Breathe Frost     |       |       |     7 ||     7
Evoke: Wand              |       |       |     6 ||     6
  Use: Scroll            |       |    13 |     6 ||    19
       Potion            |       |       |     1 ||     1
 Stab: Sleeping          |     3 |     6 |     1 ||    10
       Distracted        |     1 |     1 |     2 ||     4
  Eat: Chunk             |     4 |    14 |    22 ||    40
       Fruit             |     1 |       |     3 ||     4
Armor: Skin              |    42 |    65 |   122 ||   229
Dodge: Dodged            |    95 |   155 |   294 ||   544
Block: Other             |     7 |    38 |    53 ||    98
       Reflection        |       |     2 |     1 ||     3
